 Dungeon Crawl Stone Soup version 0.22-a0-480-g991dd4b (webtiles) character file.

7 FR0GANUS the Sneak (level 1, 0/9 HPs)
             Began as a Spriggan Enchanter on June 14, 2018.
             Slain by a leopard gecko (3 damage)
             ... on level 1 of the Dungeon.
             The game lasted 00:01:59 (165 turns).

FR0GANUS the Sneak (Spriggan Enchanter)              Turns: 165, Time: 00:01:59

Health: 0/9        AC:  2    Str:  4    XL:     1   Next: 83%
Magic:  5/5        EV: 18    Int: 16    God:
Gold:   7          SH:  0    Dex: 16    Spells: 4/5 levels left

rFire    . . .     SeeInvis +   a - +1 dagger
rCold    . . .     Gourm    .   (shield restricted)
rNeg     . . .     Faith    .   b - +0 robe
rPois    .         Spirit   .   (helmet restricted)
rElec    .         Reflect  .   (no cloak)
rCorr    .         Harm     .   (gloves unavailable)
MR       .....                  (boots unavailable)
Stlth    +++.......             (no amulet)
HPRegen  0.03/turn              (no ring)
MPRegen  0.09/turn              (no ring)

@: very quick
A: very small, unfitting armour, see invisible, herbivore, speed 3, slow
metabolism 2
a: no special abilities


You were on level 1 of the Dungeon.
You were not hungry.

You visited 1 branch of the dungeon, and saw 1 of its levels.

You collected 7 gold pieces.

Inventory:

Hand Weapons
 a - a +1 dagger (weapon)
Missiles
 c - 51 stones (quivered)
 e - 5 sling bullets
Armour
 b - a +0 robe (worn)
Potions
 f - a potion of agility {unknown}
 g - a potion of ambrosia {unknown}
Comestibles
 d - 2 rations


   Skills:
 + Level 0.2 Fighting
 - Level 1.1 Short Blades
 + Level 3.2 Dodging
 * Level 4.7 Stealth
 + Level 2.8 Spellcasting
 - Level 3.6 Hexes


You had 4 spell levels left.
You knew the following spells:

 Your Spells              Type           Power        Failure   Level  Hunger
a - Corona                Hex            ##.....      4%          1    #......

Your spell library contained the following spells:

 Spells                   Type           Power        Failure   Level  Hunger
 Confuse                  Hex            ##......     13%         3    ###....
 Tukima's Dance           Hex            ##......     13%         3    ###....
 Ensorcelled Hibernation  Hex/Ice        #.....       14%         2    ##.....
 Dazzling Spray           Conj/Hex       #.....       26%         3    ###....


Dungeon Overview and Level Annotations

Branches:
Dungeon (1/15)

Altars:


Innate Abilities, Weirdness & Mutations

You are very small and have problems with some larger weapons.
You are too small for most types of armour.
You have supernaturally acute eyesight. (SInv)
You are a herbivore.
You cover ground extremely quickly.
You need to consume almost no food.


Message History

You hit the leopard gecko.
The leopard gecko is almost dead.
The leopard gecko bites you.
You barely miss the leopard gecko.
The leopard gecko is almost dead.
The leopard gecko bites you but does no damage.
The frilled lizard closely misses you.
You hit the leopard gecko but do no damage.
The leopard gecko is almost dead.
The leopard gecko misses you.
You closely miss the leopard gecko.
The leopard gecko is almost dead.
The leopard gecko misses you. The frilled lizard closely misses you.
You hit the leopard gecko but do no damage.
The leopard gecko is almost dead.
The leopard gecko barely misses you.
You closely miss the leopard gecko.
The leopard gecko is almost dead.
The leopard gecko bites you.
You die...

######### #.......#
##########.......#
#.............)..# ####
#................# ....
#................# ....
#.......l...(....###....
+......@l........'.'....
##########................#.#....
..)......†.........########.#....
########.#.........# #.#.... ##
#.##.........# #.#.... .# #.#
#.........# #.##### .## #.#
#.........# #.# ..###..#
#########..# #.# #..#..# #.#


You could see a leopard gecko and a frilled lizard.

Vanquished Creatures
  2 goblins (D:1)
  2 hobgoblins (D:1)
  A kobold (D:1)
  2 rats (D:1)
7 creatures vanquished.

Notes
Turn   | Place    | Note
-------+----------+-------------------------------------------
     0 | D:1      | FR0GANUS the Spriggan Enchanter began the quest for the Orb.
     0 | D:1      | Reached XP level 1. HP: 9/9 MP: 5/5
   165 | D:1      | Slain by a leopard gecko

Vault maps used:
D:1:      dpeg_arrival_simpleton_a

Action                   || total
-------------------------++-------
Melee: Dagger            ||    31
 Cast: Corona            ||     2
 Stab: Sleeping          ||     1
Armor: Robe              ||     1
Dodge: Dodged            ||    21

Table legend:
 A = Spawn XP
 B = Non-spawn XP
 C = Spawn XP percentage of total XP
 D = Spawn monster count
 E = Non-spawn monster count
 F = Spawn count percentage of total count
 G = Total turns spent on level
                    A         B        C        D         E        F      G
               +---------+---------+-------+---------+---------+-------+---------
         Total |       0 |      10 |   0.0 |       0 |       7 |   0.0 |   165
               +---------+---------+-------+---------+---------+-------+---------
           D:1 |       0 |      10 |   0.0 |       0 |       7 |   0.0 |   165
               +---------+---------+-------+---------+---------+-------+---------
